 Dungeon Crawl Stone Soup version 0.32-a0-918-g0f22ef8d61 (webtiles) character file.

Game seed: 12131906069840001885

203 jasper the Trooper (level 5, -10/44 HPs)
             Began as a Demonspawn Conjurer on Apr 10, 2024.
             Mangled by a wyvern (17 damage)
             ... on level 4 of the Dungeon.
             The game lasted 00:05:37 (3386 turns).

jasper the Trooper (Demonspawn Conjurer)            Turns: 3386, Time: 00:05:37

Health: -10/44     AC:  6    Str:  7    XL:     5   Next: 51%
Magic:  0/8        EV: 11    Int: 20    God:
Gold:   88         SH:  0    Dex: 12    Spells: 2/9 levels left

rFire   . . .        g - +0 short sword
rCold   . . .        (no shield)
rNeg    . . .        a - +0 robe
rPois   .            m - +1 helmet
rElec   .            (no cloak)
rCorr   .            (no gloves)
SInv    .            (no boots)
Will    .....        (no amulet)
Stlth   ++           (no ring)
HPRegen 0.27/turn    (no ring)
MPRegen 0.22/turn

%: guardian spirit
@: attractive
A: yellow scales 1, magic shield, magic regeneration
a: no special abilities


You were on level 4 of the Dungeon.
You visited 1 branch of the dungeon, and saw 4 of its levels.

You collected 88 gold pieces.

Inventory:

Hand Weapons
 e - a +0 whip
 g - a +0 short sword (weapon)
 l - a +0 long sword
Missiles
 c - 45 stones
Armour
 a - a +0 robe (worn)
 d - a +0 ring mail
 m - a +1 helmet (worn)
Talismans
 f - a beast talisman
Wands
 h - a wand of digging (3)
Potions
 j - a potion of attraction


   Skills:
 - Level 5.0 Fighting
 - Level 1.7 Dodging
 - Level 1.7 Stealth
 + Level 2.6 Spellcasting
 - Level 4.0 Conjurations


You had 2 spell levels left.
You knew the following spells:

 Your Spells              Type           Power      Damage    Failure   Level
a - Magic Dart            Conj           72%        1d6       3%          1
b - Searing Ray           Conj           36%        2d5       4%          2
c - Fulminant Prism       Conj/Alch      5%         3d7       54%         4

Your spell library contained the following spells:

 Spells                   Type           Power      Damage    Failure   Level
 Momentum Strike          Conj/Tloc      20%        3d8       10%         2
 Blink                    Tloc           4%         N/A       22%         2
 Lesser Beckoning         Tloc           4%         N/A       22%         2
 Iskenderun's Mystic Bla Conj/Tloc 10%            2d4        (+2d2     54%         4


Dungeon Overview and Level Annotations

Branches:
Dungeon (4/15)
 Temple: D:4-7

Altars:
Uskayaw
Wu Jian


Innate Abilities, Weirdness & Mutations

You are partially covered in yellow scales. (AC +2)
When hurt, damage is shared between your health and your magic reserves.
You regenerate magic rapidly.


Message History

* * * LOW HITPOINT WARNING * * *
You take 12 damage, and have 12/44 hp.
MASSIVE DAMAGE!!
You regained 2 mp, and now have 4/8 mp.
Casting: Searing Ray (safe; 4% risk of failure)
Confirm with . or Enter, or press ? or * to list all spells.
Aiming: Searing Ray (safe; 4% risk of failure)
Press: ? - help, Shift-Dir - straight line, f/p - wyvern
Aim: a wyvern (lightly wounded, 78% to hit)
The searing ray hits the wyvern!
The wyvern is moderately wounded. (Press . to maintain the ray.)
The wyvern bites you.
* * * LOW HITPOINT WARNING * * *
You take 4 damage, and have 8/44 hp.
You now have 2/8 mp.
The searing ray hits the wyvern!
The wyvern is heavily wounded.
The wyvern barely misses you. The wyvern closely misses you.
You now have 1/8 mp.
The searing ray hits the wyvern.
The wyvern is severely wounded.
The wyvern completely misses you.
You now have 0/8 mp.
It was a potion of attraction.
You feel attractive to monsters. The wyvern misses you.
The wyvern barely misses you.
It was a potion of heal wounds.
You feel much better. The wyvern bites you!
* * * LOW HITPOINT WARNING * * *
You take 2 damage, and have 7/44 hp.
You now have 0/8 mp.
It was a potion of curing.
You feel better. The wyvern closely misses you. The wyvern bites you!
* * * LOW HITPOINT WARNING * * *
Okay, then.
You aren't carrying any scrolls.
Unknown command.
Okay, then.
Unknown command.
You closely miss the wyvern.
The wyvern is severely wounded.
The wyvern bites you!
You die...

.> #.# #.# #.# #.#
#### #.#
....###k########
........@.......
......#.#########
...#...........######
#
###.#######..#...###
. #.# ##...#...# .
#.# #######.#
##...###.# #.#
+......#.# #.#
##......#.# #.#


You could see a wyvern.

Vanquished Creatures
  2 hounds (D:4)
  A sleepcap (D:4)
  6 adders
  2 dart slugs
  3 orcs (D:3)
  3 bats
  4 endoplasms
  6 giant cockroaches
  7 goblins
  4 hobgoblins
  6 kobolds
  A quokka (D:2)
  6 ball pythons
  3 frilled lizards (D:1)
  5 rats
59 creatures vanquished.

Notes
Turn   | Place    | Note
-------+----------+-------------------------------------------
     0 | D:1      | jasper the Demonspawn Conjurer began the quest for the Orb.
     0 | D:1      | Reached XP level 1. HP: 13/13 MP: 3/3
    64 | D:1      | Reached skill level 1 in Fighting
   245 | D:1      | Gained mutation: You are partially covered in yellow
                  | scales. (AC +2) [demonic ancestry]
   245 | D:1      | Reached XP level 2. HP: 22/22 MP: 1/5
   540 | D:1      | Reached skill level 2 in Fighting
  1149 | D:2      | Reached XP level 3. HP: 28/28 MP: 0/6
  1221 | D:2      | Learned a level 2 spell: Searing Ray
  1311 | D:2      | Reached skill level 3 in Fighting
  2447 | D:3      | Gained mutation: You regenerate magic rapidly. [demonic
                  | ancestry]
  2447 | D:3      | Reached XP level 4. HP: 34/37 MP: 0/7
  2763 | D:3      | Found an ornate altar of the Wu Jian Council.
  2765 | D:3      | Reached skill level 4 in Fighting
  2800 | D:3      | Found a hide-covered altar of Uskayaw.
  2802 | D:3      | Noticed a scorpion
  2957 | D:4      | Learned a level 4 spell: Fulminant Prism
  3060 | D:4      | Gained mutation: When hurt, damage is shared between your
                  | health and your magic reserves. [demonic ancestry]
  3060 | D:4      | Reached XP level 5. HP: 41/43 MP: 0/8
  3175 | D:4      | Reached skill level 5 in Fighting
  3373 | D:4      | Noticed a wyvern
  3386 | D:4      | Mangled by a wyvern

Illustrated notes

Levels and vault maps discovered:
D:1:      roderic_crossed_star, layout_loops_ring
D:2:      layout_basic, serial_bayou_pond_e
D:3:      layout_loops_ring, general_overflow_altar,
          nicolae_uskayaw_murder_on_the_dancefloor,
          mainiacjoe_overflow_24_doors, mainiacjoe_overflow_brackets,
          dreamdust_ecumenical_altar_angels_and_demons
D:4:      nicolae_cairo_tiling_very_big, layout_basic

Skill      XL: |  1  2  3  4  5 |
---------------+----------------+-----
Fighting       | 1 2 3 4 5 |  5.0
Dodging        | |  1.7
Stealth        | |  1.7
Spellcasting   | |  2.6
Conjurations   | |  4.0

Action                     |  1- 3 |  4- 6 || total
---------------------------+-------+-------++-------
  Melee: Short sword       |     9 |     5 ||    14
   Cast: Magic Dart        |    86 |    25 ||   111
         Searing Ray       |     4 |    12 ||    16
    Use: Scroll            |     3 |       ||     3
         Potion            |       |     4 ||     4
 Armour: Robe              |     9 |    20 ||    29
  Dodge: Dodged            |    12 |    23 ||    35

Table legend: (Time is in decaauts)
 A = Elapsed time spent in this place.
 B = Non-inter-level travel time spent in this place.
 C = Inter-level travel time spent in this place.
 D = Time resting spent in this place.
 E = Time spent auto-exploring this place.
 F = Levels seen in this place.
 G = Mean time per level.
                   A        B        C        D        E       F      G
               +--------+--------+--------+--------+--------+-----+--------+
         Total |   3386 |   3296 |     90 |    462 |   2437 |   4 |  846.5 |
       Dungeon |   3386 |   3296 |     90 |    462 |   2437 |   4 |  846.5 |
               +--------+--------+--------+--------+--------+-----+--------+

Top non-repeatable levels by time:
     D:2: 1445 daAuts
     D:1: 1069 daAuts
     D:4: 518 daAuts
     D:3: 353 daAuts
